 Dungeon Crawl Stone Soup version 0.27-a0-1188-g73eefd5def (webtiles) character file.

Game seed: 14065052669146026679

1037 Sweetruy1997 the Twirler (level 8, -9/60 HPs)
             Began as a Gnoll Wanderer on May 21, 2021.
             Killed from afar by a raiju (10 damage)
             ... with a living lightning
             ... on level 2 of the Abyss.
             The game lasted 00:15:28 (4778 turns).

Sweetruy1997 the Twirler (Gnoll Wanderer)           Turns: 4778, Time: 00:15:29

Health: -9/60      AC:  8    Str:  9 (12) XL:     8   Next: 24%
Magic:  11/14      EV: 12    Int: 10 (12) God:
Gold:   130        SH:  0    Dex: 12 (13) Spells: 8/15 levels left

rFire    . . .     SeeInvis .   o - +5 club (spect)
rCold    . . .     Faith    .   (no shield)
rNeg     . . .     Spirit   .   t - +0 leather armour
rPois    .         Reflect  .   s - +0 helmet
rElec    .         Harm     .   r - +2 cloak
rCorr    .         Rampage  .   (no gloves)
Will     .....                  m - +0 pair of boots
Stlth    ++........             (no amulet)
HPRegen  0.20/turn              (no ring)
MPRegen  0.14/turn              (no ring)

@: no status effects
A: fangs 1, strong nose, distributed training
a: no special abilities


You were on level 2 of the Abyss.
You visited 1 branch of the dungeon, and saw 6 of its levels.
You visited the Abyss 1 time.
You also visited: Sewer.

You collected 130 gold pieces.

Inventory:

Hand Weapons
 o - a +5 spectral club (weapon)
Armour
 d - a +0 robe
 m - a +0 pair of boots (worn)
 r - a +2 cloak (worn)
 s - a +0 helmet (worn)
 t - a +0 leather armour (worn)
Scrolls
 a - a scroll of blinking {unknown}
 f - a scroll of magic mapping
 j - a scroll of fog
 k - a scroll of teleportation {unknown}
 n - a scroll of identify {unknown}
 p - a scroll of amnesia {unknown}
Potions
 c - a potion of haste {unknown}
 e - 2 potions of degeneration
 g - a potion of ambrosia {unknown}
 h - 3 potions of attraction {unknown}
 i - 2 potions of lignification {unknown}
 l - 2 potions of brilliance {unknown}
 q - 2 potions of resistance {unknown}
 u - a potion of flight {unknown}
 v - a potion of mutation {unknown}


   Skills:
 + Level 4.1 Fighting
 + Level 3.1 Short Blades
 + Level 3.1 Long Blades
 + Level 3.1 Axes
 + Level 3.1 Maces & Flails
 + Level 3.1 Polearms
 + Level 7.3 Staves
 + Level 3.1 Slings
 + Level 3.1 Bows
 + Level 3.1 Crossbows
 + Level 5.6 Throwing
 + Level 3.1 Armour
 + Level 3.1 Dodging
 + Level 3.9 Stealth
 + Level 3.1 Shields
 + Level 3.1 Unarmed Combat
 + Level 4.2 Spellcasting
 + Level 2.5 Conjurations
 + Level 2.5 Hexes
 + Level 4.6 Summonings
 + Level 2.5 Necromancy
 + Level 2.5 Translocations
 + Level 2.5 Transmutations
 + Level 2.5 Fire Magic
 + Level 2.5 Ice Magic
 + Level 2.5 Air Magic
 + Level 2.5 Earth Magic
 + Level 2.5 Poison Magic
 + Level 3.4 Invocations
 + Level 3.1 Evocations


You had 8 spell levels left.
You knew the following spells:

 Your Spells              Type           Power      Damage    Failure   Level
a - Summon Small Mammal   Summ           44%        N/A       4%          1
b - Animate Skeleton      Necr           14%        N/A       12%         1
c - Apportation           Tloc           14%        N/A       12%         1
d - Corona                Hex            7%         N/A       12%         1
e - Summon Guardian Gole  Hex/Summ       9%         N/A       24%         3

Your spell library contained the following spells:

 Spells                   Type           Power      Damage    Failure   Level


Dungeon Overview and Level Annotations

Branches:
Dungeon (6/15)              Sewer (visited)
 Temple: D:4-7

Altars:
Yredelemnul
Lugonu


Innate Abilities, Weirdness & Mutations

You have very sharp teeth.
Your uncanny sense of smell can sniff out nearby items.
Your experience applies equally to all skills.


Message History

Your Dodging skill increases to level 3!
Your Shields skill increases to level 3!
Your Unarmed Combat skill increases to level 3!
Your Evocations skill increases to level 3!
You hit the raiju.
The raiju is lightly wounded.
Your spectral weapon hits the raiju.
The raiju bites you but does no damage.
You hit the raiju.
The raiju is lightly wounded.
Your spectral weapon misses the raiju.
The raiju bites you but does no damage.
You miss the raiju.
The raiju is lightly wounded.
Your spectral weapon hits the raiju.
The raiju closely misses you.
A raiju comes into view.
You miss the raiju.
The raiju is moderately wounded.
Your spectral weapon hits the raiju.
The raiju barely misses you. The raiju bites your spectral weapon.
Your spectral weapon shares its damage with you!
The raiju shocks your spectral weapon.
Your spectral weapon resists.
Your spectral weapon shares its damage with you!
Casting: Summon Guardian Golem (dangerous; 19% risk of failure)
Confirm with . or Enter, or press ? or * to list all spells.
A guardian golem appears, shielding your allies.
The raiju bites you! The raiju shocks you!
Unknown command.
You feel better. The raiju bites you! The raiju shocks you!
* * * LOW HITPOINT WARNING * * *
The raiju bites you.
* * * LOW HITPOINT WARNING * * *
The raiju shocks you!
* * * LOW HITPOINT WARNING * * *
Unknown command.
It was a potion of degeneration.
There was something very wrong with that liquid.
You feel weakened.
You feel dopey.
You feel clumsy.
The raiju bursts into living lightning!
The living lightning hits you!
You die...

#.## # ..≈≈###
##..# ##≈..≈ .
##.## ##..≈.≈#
# #... ...≈##..
#. #...≈ .#(#
.. # ∆
#.##....#.## #
∆ ...# .#####
#...#†#)# ##.
#§@# ∆ #....hh#
#...#...#8.#
#....#.#..#...
.
.##...#...#....
... .......##
#. . . ##..#.
## .# . #.. ..
∆ # .. ..


You could see 2 raiju and a friendly guardian golem (summoned).

Vanquished Creatures
  A raiju (Abyss:2)
  2 water moccasins
  An ice beast (D:6)
  A sky beast (D:6)
  2 scorpions (D:5)
  2 water moccasin zombies
  2 hounds
  A jelly (D:5)
  Jessica (D:2)
  A killer bee zombie (D:3)
  A howler monkey skeleton (D:6)
  2 adders (D:2)
  An ufetubus (D:5)
  A dart slug (D:3)
  6 endoplasms
  6 giant cockroaches
  3 goblins
  3 hobgoblins
  5 jackals
  8 kobolds
  3 quokkas
  8 ball pythons
  5 bats
  4 frilled lizards
  4 rats
74 creatures vanquished.

Vanquished Creatures (collateral kills)
  An endoplasm (D:2)
  A goblin (D:2)
  A hobgoblin (D:1)
  3 jackals (D:1)
  2 bats
8 creatures vanquished.

Vanquished Creatures (others)
  6 plants (D:3)
6 creatures vanquished.

Grand Total: 88 creatures vanquished

Notes
Turn   | Place    | Note
-------+----------+-------------------------------------------
     0 | D:1      | Sweetruy1997 the Gnoll Wanderer began the quest for the
                  | Orb.
     0 | D:1      | Sweetruy1997 set off with the following items: a +2
                  | quarterstaff, a potion of curing, a +0 robe; and the
                  | following spell memorised: Summon Small Mammal; and the
                  | following spells available to memorise: Summon Guardian
                  | Golem
     0 | D:1      | Reached XP level 1. HP: 17/17 MP: 4/4
   348 | D:1      | Reached XP level 2. HP: 20/23 MP: 3/5
   362 | D:1      | Learned a level 1 spell: Animate Skeleton
   364 | D:1      | Learned a level 1 spell: Apportation
   366 | D:1      | Learned a level 1 spell: Corona
  1411 | D:2      | Reached XP level 3. HP: 27/28 MP: 7/7
  1636 | D:2      | Learned a level 3 spell: Summon Guardian Golem
  1675 | D:2      | Reached skill level 1 in Invocations
  1768 | D:2      | Noticed Jessica
  1781 | D:2      | Killed Jessica
  1782 | D:2      | Reached skill level 1 in Short Blades
  1782 | D:2      | Reached skill level 1 in Long Blades
  1782 | D:2      | Reached skill level 1 in Axes
  1782 | D:2      | Reached skill level 1 in Maces & Flails
  1782 | D:2      | Reached skill level 1 in Polearms
  1782 | D:2      | Reached skill level 1 in Slings
  1782 | D:2      | Reached skill level 1 in Bows
  1782 | D:2      | Reached skill level 1 in Crossbows
  1782 | D:2      | Reached skill level 1 in Armour
  1782 | D:2      | Reached skill level 1 in Dodging
  1782 | D:2      | Reached skill level 1 in Shields
  1782 | D:2      | Reached skill level 1 in Unarmed Combat
  1782 | D:2      | Reached skill level 1 in Evocations
  1782 | D:2      | Reached XP level 4. HP: 17/34 MP: 1/8
  2428 | D:3      | Reached skill level 1 in Conjurations
  2428 | D:3      | Reached skill level 1 in Hexes
  2428 | D:3      | Reached skill level 1 in Necromancy
  2428 | D:3      | Reached skill level 1 in Translocations
  2428 | D:3      | Reached skill level 1 in Transmutations
  2428 | D:3      | Reached skill level 1 in Fire Magic
  2428 | D:3      | Reached skill level 1 in Ice Magic
  2428 | D:3      | Reached skill level 1 in Air Magic
  2428 | D:3      | Reached skill level 1 in Earth Magic
  2428 | D:3      | Reached skill level 1 in Poison Magic
  2463 | D:3      | Reached XP level 5. HP: 6/40 MP: 9/9
  3037 | D:3      | Found a faded altar of an unknown god.
  3039 | D:3      | Became a worshipper of Lugonu the Unformed
  3039 | D:3      | Reached * piety under Lugonu
  3039 | D:3      | Reached ** piety under Lugonu
  3040 | D:3      | Fell from the grace of Lugonu
  3326 | D:3      | Found a basalt altar of Yredelemnul.
  3968 | D:4      | You fall into a shaft and drop 2 floors!
  3970 | D:6      | Noticed a sky beast
  3979 | D:6      | Killed a sky beast
  3980 | D:6      | Reached XP level 6. HP: 47/47 MP: 8/11
  4018 | D:6      | Noticed a water moccasin
  4024 | D:6      | Killed a water moccasin
  4025 | D:6      | Reached skill level 5 in Throwing
  4064 | D:6      | Noticed an ice beast
  4076 | D:6      | Killed an ice beast
  4077 | D:6      | Reached XP level 7. HP: 30/52 MP: 12/12
  4218 | D:6      | Reached skill level 7 in Staves
  4269 | D:5      | Entered Level 5 of the Dungeon
  4445 | D:5      | Found a glowing drain.
  4459 | Sewer    | Entered a sewer
  4614 | Sewer    | Reached XP level 8. HP: 32/60 MP: 12/14
  4747 | Sewer    | Noticed an ancient zyme
  4747 | Sewer    | Noticed a small abomination
  4747 | Sewer    | Cast into level 2 of the Abyss (Lugonu's touch)
  4766 | Abyss:2  | Noticed a raiju
  4770 | Abyss:2  | Noticed a raiju
  4771 | Abyss:2  | Killed a raiju
  4774 | Abyss:2  | Noticed a raiju
  4777 | Abyss:2  | HP: 1/60 [raiju (8)]
  4778 | Abyss:2  | Killed from afar by a raiju

Illustrated notes

Levels and vault maps discovered:
D:1:      dpeg_arrival_shrine, layout_loops_ring
D:2:      layout_loops_ring, minmay_randomly_rotated_circles, uniq_jessica
D:3:      layout_basic, nicolae_overflow_crystal_walls,
          chequers_ecumenical_altar_twisty, serial_forest,
          infiniplex_forest_lined_corner, infiniplex_forest_clump_small,
          infiniplex_forest_pool, infiniplex_forest_clump_diagonal,
          infiniplex_forest_lined_3
D:4:      layout_cave_pools, old_standard_altar, minmay_puff
D:5:      layout_rooms, portal_sewer_entry_f
D:6:      layout_basic, minmay_temple_entry_glass
Abyss:2:  base: D:3, guppyfry_abyss_exit_imp_island
Sewer:    sewer_the_moccasin

Skill      XL: |  1  2  3  4  5  6  7  8 |
---------------+-------------------------+-----
Invocations    | 1 2 3 |  3.4
Short Blades   | 1 2 3 |  3.1
Long Blades    | 1 2 3 |  3.1
Axes           | 1 2 3 |  3.1
Maces & Flails | 1 2 3 |  3.1
Polearms       | 1 2 3 |  3.1
Slings         | 1 2 3 |  3.1
Bows           | 1 2 3 |  3.1
Crossbows      | 1 2 3 |  3.1
Armour         | 1 2 3 |  3.1
Dodging        | 1 2 3 |  3.1
Shields        | 1 2 3 |  3.1
Unarmed Combat | 1 2 3 |  3.1
Evocations     | 1 2 3 |  3.1
Spellcasting   | 3 4 |  4.2
Conjurations   | 1 2 |  2.5
Hexes          | 1 2 |  2.5
Necromancy     | 1 2 |  2.5
Translocations | 1 2 |  2.5
Transmutations | 1 2 |  2.5
Fire Magic     | 1 2 |  2.5
Ice Magic      | 1 2 |  2.5
Air Magic      | 1 2 |  2.5
Earth Magic    | 1 2 |  2.5
Poison Magic   | 1 2 |  2.5
Fighting       | 3 4 |  4.1
Summonings     | 4 |  4.6
Stealth        | 3 |  3.9
Throwing       | 5 |  5.6
Staves         | 7 |  7.3

Action                   |  1- 3 |  4- 6 |  7- 9 || total
-------------------------+-------+-------+-------++-------
Melee: Quarterstaff      |    75 |     5 |       ||    80
       Bite              |     5 |    11 |     2 ||    18
       Club              |       |    77 |    45 ||   122
       Punch             |       |     1 |       ||     1
 Cast: Summon Small Mamm |    20 |     4 |       ||    24
       Animate Skeleton  |     5 |       |       ||     5
       Corona            |     2 |     4 |       ||     6
       Summon Guardian G |     1 |       |     4 ||     5
Invok: Renounce Religion |       |     1 |       ||     1
  Use: Potion            |     1 |       |     2 ||     3
       Scroll            |       |     8 |     1 ||     9
 Stab: Sleeping          |     5 |     5 |       ||    10
       Distracted        |       |     1 |       ||     1
Armor: Robe              |    22 |    15 |    12 ||    49
       Leather armour    |       |       |    25 ||    25
       Skin              |       |       |     2 ||     2
Dodge: Dodged            |    62 |    27 |    52 ||   141

Table legend: (Time is in decaauts)
 A = Elapsed time spent in this place.
 B = Non-inter-level travel time spent in this place.
 C = Inter-level travel time spent in this place.
 D = Time resting spent in this place.
 E = Time spent auto-exploring this place.
 F = Levels seen in this place.
 G = Mean time per level.
                   A        B        C        D        E       F      G
               +--------+--------+--------+--------+--------+-----+--------+
         Total |   4813 |   4719 |     94 |   1097 |   2710 |   8 |  601.6 |
       Dungeon |   4483 |   4389 |     94 |   1021 |   2544 |   6 |  747.2 |
         Abyss |     33 |     33 |      0 |      0 |      0 |   1 |   33.0 |
         Sewer |    296 |    296 |      0 |     76 |    166 |   1 |  296.0 |
               +--------+--------+--------+--------+--------+-----+--------+

Top non-repeatable levels by time:
     D:3: 1588 daAuts
     D:1: 1330 daAuts
     D:2: 1059 daAuts
     D:6: 304 daAuts
   Sewer: 296 daAuts
     D:5: 198 daAuts
 Abyss:2: 33 daAuts
     D:4: 1 daAuts
